 Dungeon Crawl Stone Soup version 0.31-a0-230-g09eb5fc4d3 (webtiles) character file.

Game seed: 18018066030358320863

399 qw the Shooter (level 6, 0/52 HPs)
             Began as a Minotaur Hexslinger on July 6, 2023.
             Was an Initiate of Okawaru.
             Slain by an orc wizard
             ... wielding a +0 dagger
              (4 damage)
             ... on level 5 of the Dungeon.
             The game lasted 00:01:25 (3588 turns).

qw the Shooter (Minotaur Hexslinger)                Turns: 3588, Time: 00:01:26

Health: 0/52       AC:  5    Str: 12      XL:     6   Next: 53%
Magic:  6/6        EV: 11    Int: 10      God:    Okawaru [......]
Gold:   174        SH:  0    Dex: 14 (15) Spells: 6/7 levels left

rFire   . . .        Y - +1 sling (elec)
rCold   . . .        (no shield)
rNeg    . . .        g - +0 ring mail
rPois   .            (helmet restricted)
rElec   .            (no cloak)
rCorr   +            (no gloves)
SInv    .            (no boots)
Will    .....        (no amulet)
Stlth   +            a - ring of resist corrosion
HPRegen 0.28/turn    (no ring)
MPRegen 0.10/turn

%: no passive effects
@: no status effects
A: horns 2, retaliatory headbutt
a: Renounce Religion


You were on level 5 of the Dungeon.
You worshipped Okawaru.
Okawaru was noncommittal.
You visited 1 branch of the dungeon, and saw 5 of its levels.

You collected 174 gold pieces.


Innate Abilities, Weirdness & Mutations

You have a pair of horns on your head.
You reflexively headbutt those who attack you in melee.


   Skills:
 - Level 4.0 Fighting
 + Level 6.6 Ranged Weapons
 - Level 1.5 Armour
 - Level 2.1 Dodging
 - Level 1.0 Spellcasting
 - Level 2.0 Hexes


You had 6 spell levels left.
You knew the following spells:

 Your Spells              Type           Power      Damage    Failure   Level
a - Slow                  Hex            16%        N/A       32%         1

Your spell library contained the following spells:

 Spells                   Type           Power      Damage    Failure   Level
 Inner Flame              Hex/Fire       2%         N/A       83%         3
 Portal Projectile        Hex/Tloc       4%         N/A       83%         3
 Cause Fear               Hex            2%         N/A       97%         4

Inventory:

Hand Weapons
 Y - a +1 sling of electrocution (weapon)
Armour
 g - a +0 ring mail (worn)
Jewellery
 a - a ring of resist corrosion (left hand)
Wands
 d - a wand of digging (4)
Scrolls
 b - a scroll of identify
Potions
 i - a potion of lignification {unknown}
 l - 2 potions of enlightenment

Dungeon Overview and Level Annotations

Branches:
Dungeon (5/15)
 Temple: D:4-7

Altars:
Hepliaklqana
Okawaru
Sif Muna

Annotations:
D:2 1 runed translucent door, Crazy Yiuf


Message History

The orc wizard barely misses you. The orc barely misses you.
The orc wizard hits you with a +0 dagger.
The orc hits you with a +0 hand axe.
The orc wizard hits you but does no damage.
The orc hits you with a +0 hand axe.
The orc wizard hits you but does no damage.
The orc hits you with a +0 hand axe.
The orc wizard hits you with a +0 dagger.
The orc hits you with a +0 hand axe. The orc wizard casts a spell at you.
The puff of flame hits you. The orc barely misses you.
The orc wizard mumbles some strange words.
The orc wizard flickers and vanishes!
Deactivating autopickup; reactivate with Ctrl-A.
The orc hits you with a +0 hand axe. Something hits you but does no damage.
The orc hits you but does no damage.
You hear some strange, mumbled words.
A magic dart appears from out of thin air!
The magic dart hits you! The orc closely misses you.
You feel less confused.
You hear some strange, mumbled words.
Something tries to affect you, but you resist.
The orc hits you with a +0 hand axe.
You shoot a sling bullet. The sling bullet hits the orc.
The orc is heavily wounded.
You hear some strange, mumbled words.
A magic dart appears from out of thin air!
The magic dart hits you. The orc hits you but does no damage.
You shoot a sling bullet. The sling bullet hits the orc.
The orc is severely wounded.
Something hits you but does no damage. The orc hits you with a +0 hand axe.
You shoot a sling bullet. The sling bullet hits the orc.
You kill the orc!
Okawaru accepts your kill. Something hits you.
You shoot a sling bullet. The sling bullet hits the orc!
You kill the orc!
Okawaru accepts your kill. Something hits you.
You die...

... ... ....
..... #.....
#.)....
####)o.....
#..@{# ####.####
#....########
.....###.......#
##>. #.......#
## ###.......#
#<........#
###.......#
#.#######


You could see an orc.

Vanquished Creatures
  A scorpion (D:4)
  A gnoll bouda (D:4)
  Jessica (D:2)
  A sleepcap (D:4)
  2 orc wizards
  6 gnolls (D:4)
  7 adders
  An ufetubus (D:5)
  2 worms (D:2)
  3 dart slugs
  4 orcs
  7 endoplasms
  A giant cockroach (D:1)
  2 hobgoblins
  6 jackals
  10 kobolds
  4 quokkas
  5 ball pythons
  4 bats
  5 frilled lizards
  4 goblins
  5 rats
82 creatures vanquished.

Notes
Turn   | Place    | Note
-------+----------+-------------------------------------------
     0 | D:1      | qw the Minotaur Hexslinger began the quest for the Orb.
     0 | D:1      | Reached XP level 1. HP: 16/16 MP: 1/1
     0 | D:1      | 0 ||| qw: Version: 0.3-a-46-gb1f654a
     0 | D:1      | 0 ||| qw: Game counter: 1757
     0 | D:1      | 0 ||| qw: Melee chars always use a shield: true
     0 | D:1      | 0 ||| qw: God list: Okawaru
     0 | D:1      | 0 ||| qw: Allow faded altars: false
     0 | D:1      | 0 ||| qw: Do Orc after clearing Dungeon:15 true
     0 | D:1      | 0 ||| qw: Do second Lair branch before Depths: true
     0 | D:1      | 0 ||| qw: Lair rune preference: random
     0 | D:1      | 0 ||| qw: Goals: Normal
     0 | D:1      | 0 ||| PLANNING D:1-11
   488 | D:1      | Reached skill level 3 in Ranged Weapons
   488 | D:1      | Reached XP level 2. HP: 23/23 MP: 2/2
   791 | D:1      | 791 ||| Stepping ~*~*~tactically~*~*~ (water).
   912 | D:1      | 912 ||| UPGRADING to +0 ring mail.
   922 | D:1      | 922 ||| DROPPING +0 robe.
   923 | D:1      | 923 ||| READING 3 scrolls labelled HUITSE TEAP.
   924 | D:1      | 924 ||| READING 2 scrolls of brand weapon.
   924 | D:1      | 924 ||| BRANDING +1 sling of chaos.
   925 | D:1      | 925 ||| READING scroll of brand weapon.
   925 | D:1      | 925 ||| BRANDING +1 sling of draining.
   926 | D:1      | 926 ||| READING scroll labelled RIC LIETETUGE.
   927 | D:1      | 927 ||| READING scroll labelled OGGOSO PECLO.
   928 | D:1      | 928 ||| READING scroll labelled PACOKKINEL.
   929 | D:1      | 929 ||| READING scroll labelled BAYMUY ELUIK.
   930 | D:1      | 930 ||| READING scroll labelled CYTIRAOKOE.
   934 | D:1      | 934 ||| DRINKING 2 smoky sapphire potions.
   939 | D:1      | 939 ||| DROPPING scroll of poison.
   940 | D:1      | 940 ||| DROPPING potion of ambrosia.
  1061 | D:2      | Reached XP level 3. HP: 29/29 MP: 3/3
  1214 | D:2      | Reached skill level 4 in Ranged Weapons
  1318 | D:2      | Found a faded altar of an unknown god.
  1333 | D:2      | Reached skill level 1 in Armour
  1341 | D:2      | Noticed Jessica
  1346 | D:2      | Killed Jessica
  1347 | D:2      | Reached XP level 4. HP: 33/36 MP: 4/4
  1592 | D:2      | Found a runed translucent door.
  1593 | D:2      | Noticed Crazy Yiuf
  1674 | D:2      | Reached skill level 5 in Ranged Weapons
  1879 | D:2      | 1879 ||| DRINKING 3 fizzy clear potions.
  1880 | D:2      | 1880 ||| DRINKING 2 sapphire potions.
  1881 | D:2      | 1881 ||| DROPPING potion of degeneration.
  2094 | D:3      | Reached XP level 5. HP: 39/42 MP: 5/5
  2263 | D:3      | HP: 9/44 [something/puff of flame (6)]
  2266 | D:3      | HP: 2/44 [something (4)]
  2268 | D:3      | Reached skill level 3 in Fighting
  2610 | D:3      | 2610 ||| UPGRADING to ring of resist corrosion.
  2853 | D:4      | Found a hazy altar of Hepliaklqana.
  2891 | D:4      | Found an iron altar of Okawaru.
  2892 | D:4      | 2892 ||| PLANNING OKAWARU WORSHIP
  2892 | D:4      | 2892 ||| READING 2 scrolls labelled VOS UPTOORAA.
  2893 | D:4      | 2893 ||| DROPPING scroll of noise.
  2917 | D:4      | Became a worshipper of Warmaster Okawaru
  2918 | D:4      | 2918 ||| PLANNING D:1-11
  2949 | D:4      | Reached XP level 6. HP: 51/51 MP: 6/6
  3009 | D:4      | Reached skill level 6 in Ranged Weapons
  3139 | D:4      | Found a shimmering blue altar of Sif Muna.
  3315 | D:4      | 3315 ||| FLEEEEING.
  3499 | D:4      | 3499 ||| READING scroll labelled XUUNYI MEULUEV.
  3500 | D:4      | 3500 ||| READING scroll labelled DONWAY TALLOY.
  3501 | D:4      | 3501 ||| READING 2 scrolls of identify.
  3501 | D:4      | 3501 ||| IDENTIFYING emerald potion
  3502 | D:4      | 3502 ||| DROPPING potion of attraction.
  3534 | D:5      | Entered Level 5 of the Dungeon
  3583 | D:5      | HP: 13/52 [something/magic dart (7)]
  3586 | D:5      | HP: 4/52 [orc/+0 hand axe (3)]
  3588 | D:5      | Slain by an orc wizard

Levels and vault maps discovered:
D:1:      wander_arrival_abandoned_jail, layout_basic, chequers_big_river,
          serial_bayou_lake_a
D:2:      layout_basic, serial_corexii_hall, corexii_hall_statues_x,
          corexii_hall_statues_u, shapermc_ecumenical_altar_pompeii,
          lexackson_kobold_supper, uniq_crazy_yiuf_cottage, uniq_jessica
D:3:      layout_basic, minmay_misc_feat_nine_boxes
D:4:      layout_loops_ring, mainiacjoe_overflow_alcove_4,
          overflow_temple_1_default, lemuel_tele_altar, kennysheep_doodads,
          serial_bayou_ford_a, minmay_misc_feat_hallway
D:5:      layout_basic

Skill      XL: |  1  2  3  4  5  6 |
---------------+-------------------+-----
Ranged Weapons | 3 4 5 6 |  6.6
Fighting       | 2 3 4 |  4.0
Armour         | 1 |  1.5
Dodging        | |  2.1
Spellcasting   | |  1.0
Hexes          | |  2.0

Action                     |  1- 3 |  4- 6 || total
---------------------------+-------+-------++-------
   Fire: Sling             |   128 |   169 ||   297
    Use: Scroll            |     8 |     4 ||    12
         Potion            |     1 |     2 ||     3
 Armour: Robe              |     1 |       ||     1
         Ring mail         |    12 |    48 ||    60
  Dodge: Dodged            |    31 |    46 ||    77

Table legend:
 A = Non-vault XP
 B = Vault XP
 C = Vault XP percentage of total XP
 D = Non-vault monster count
 E = Vault monster count
 F = Vault count percentage of total count
                 A         B        C        D         E       F
            +---------+---------+-------+---------+---------+-------
      Total |     524 |      49 |   8.6 |      73 |       9 |  11.0
            +---------+---------+-------+---------+---------+-------
        D:1 |      27 |       0 |   0.0 |      18 |       0 |   0.0
        D:2 |     108 |      49 |  31.2 |      25 |       9 |  26.5
        D:3 |      67 |       0 |   0.0 |       9 |       0 |   0.0
        D:4 |     272 |       0 |   0.0 |      17 |       0 |   0.0
        D:5 |      50 |       0 |   0.0 |       4 |       0 |   0.0
            +---------+---------+-------+---------+---------+-------
